 Dungeon Crawl Stone Soup version 0.31-a0-182-gc5ef74bbde (webtiles) character file.

Game seed: 10094962014278044636

1157 qw the Skirmisher (level 8, -2/81 HPs)
             Began as a Naga Hunter on June 20, 2023.
             Slain by a lemure (5 damage)
             ... led by Pikel
             ... on level 5 of the Dungeon.
             The game lasted 00:01:58 (4056 turns).

qw the Skirmisher (Naga Hunter)                     Turns: 4056, Time: 00:01:59

Health: -2/81      AC: 15    Str: 12    XL:     8   Next: 39%
Magic:  8/8        EV: 13    Int: 14    God:
Gold:   247        SH:  0    Dex: 14    Spells: 7/7 levels left

rFire   . . .        Y - +0 shortbow
rCold   . . .        (shield currently unavailable)
rNeg    . . .        s - +3 ring mail of Fallacy {+Blink rElec}
rPois   +            e - +2 helmet
rElec   +            (no cloak)
rCorr   .            (no gloves)
SInv    +            (no barding)
Will    +....        (no amulet)
Stlth   +            f - +4 ring of protection
HPRegen 0.33/turn    l - +5 ring of evasion
MPRegen 0.11/turn

%: no passive effects
@: about to teleport, short of breath, very slow
A: AC +2, large, see invisible, deformed body, poison resistance, slowness 2,
spit poison 1, naga tail 1, clever 1, clumsy 1, robust 1, subdued magic 1
a: Spit Poison, Evoke Blink


You were on level 5 of the Dungeon.
You visited 1 branch of the dungeon, and saw 5 of its levels.

You collected 280 gold pieces.
You spent 33 gold pieces at shops.


Innate Abilities, Weirdness & Mutations

Your serpentine skin is tough. (AC +2)
You have supernaturally acute eyesight. (SInv)
Armour fits poorly on your strangely shaped body.
Your system is resistant to poisons. (rPois)
You cover ground very slowly.
You can spit poison.
You have a snake-like lower body.
Your mind is acute. (Int +4, Str/Dex -1)
You are clumsy. (Dex -2)
You are robust. (+10% HP)
Your spells are a little easier to cast, but a little less powerful.


   Skills:
 - Level 5.0 Fighting
 + Level 8.0 Ranged Weapons
 - Level 2.1 Armour
 - Level 2.1 Dodging
 - Level 1.5 Stealth


You had 7 spell levels left.
You didn't know any spells.
Your spell library was empty.

Inventory:

Hand Weapons
 Y - a +0 shortbow (weapon)
Armour
 e - a +2 helmet (worn)
 s - the +3 ring mail of Fallacy (worn) {+Blink rElec}
   (You found it on level 4 of the Dungeon)

   rElec:     It insulates you from electricity.
   +Blink:    It lets you blink.
Jewellery
 f - a +4 ring of protection (left hand)
 l - a +5 ring of evasion (right hand)
Scrolls
 b - a scroll of identify
 h - 3 scrolls of teleportation
Potions
 a - a potion of curing
 d - 4 potions of enlightenment
 g - a potion of might {unknown}
 i - a potion of brilliance {unknown}
 j - a potion of attraction {unknown}
 k - a potion of lignification {unknown}
 m - a potion of cancellation {unknown}
 n - a potion of haste {unknown}
 t - a potion of mutation

Dungeon Overview and Level Annotations

Branches:
Dungeon (5/15)
 Temple: D:4-7

Altars:
Dithmenos
Makhleb
Nemelex Xobeh

Shops:
D:1 *

Annotations:
D:3 1 transporter, qw's ghost, amateur NaHu
D:5 Pikel


Message History

Pikel cracks his whip.
Pikel hits you but does no damage. The lemure closely misses you.
The lemure hits you. The lemure closely misses you.
You shoot an arrow. The arrow misses Pikel.
Pikel closely misses you. The lemure closely misses you.
The lemure hits you but does no damage. The lemure barely misses you.
You shoot an arrow. The arrow closely misses Pikel.
You have got your breath back.
Pikel hits you but does no damage. The lemure hits you but does no damage.
The lemure hits you. The lemure misses you.
4051 ||| INVOKING Spit Poison.
Aiming: Spit Poison (1% risk of failure)
Press: ? - help, Shift-Dir - straight line, f/p - Pikel The splash of poison misses Pikel.
Pikel says, "All the demons know me.
They respect me."
Pikel hits you but does no damage. The lemure hits you but does no damage.
The lemure closely misses you. The lemure hits you.
You shoot an arrow. The arrow hits Pikel.
Pikel is moderately wounded.
Pikel barely misses you. The lemure barely misses you.
The lemure hits you but does no damage. x2
You shoot an arrow.
The arrow hits Pikel but does no damage.
Pikel is moderately wounded.
Pikel barely misses you. The lemure hits you. x2
The lemure completely misses you.
4054 ||| READING 4 scrolls of teleportation.
As you read the scroll of teleportation, it crumbles to dust.
You feel strangely unstable.
Pikel hits you with a +1 whip of flaming.
Pikel burns you. The lemure misses you.
The lemure hits you but does no damage. x2
You shoot an arrow. The arrow barely misses Pikel.
Pikel hits you but does no damage. The lemure hits you but does no damage.
The lemure hits you. The lemure hits you but does no damage.
You shoot an arrow.
The arrow hits Pikel but does no damage.
Pikel is moderately wounded.
Pikel hits you with a +1 whip of flaming!
Pikel burns you. The lemure hits you.
You die...

##|...#####..## ...
###### ##..## ...#
##.####### ....#
###......... #...#
##........... #...#
##............
#...####.............
#.K5##...........^.#
#..@.%.#...........#
#.55.###..........##
#..#..##############
#..#....##
#.........##
#...#......##
#....###.....## ##..
##.....### #.#
###.....##


You could see Pikel and 3 lemures.

Vanquished Creatures
  Menkaure (D:5)
  A black bear (D:5)
  An ogre (D:4)
  A phantom (D:4)
  A lemure (D:5)
  2 scorpions (D:4)
  A howler monkey (D:4)
  A gnoll bouda (D:4)
  An orc priest (D:4)
  4 hounds
  A jelly (D:5)
  2 sleepcaps
  Natasha (twice) (D:3)
  Ijyb (D:4)
  2 iguanas
  Robin (D:3)
  3 gnolls (D:4)
  11 adders
  A white imp (D:5)
  A worm (D:3)
  4 dart slugs
  6 orcs
  6 endoplasms
  2 giant cockroaches
  23 goblins
  8 hobgoblins
  8 jackals (D:3)
  3 quokkas
  6 ball pythons
  4 bats
  5 frilled lizards
  7 kobolds
  2 rats
123 creatures vanquished.

Notes
Turn   | Place    | Note
-------+----------+-------------------------------------------
     0 | D:1      | qw the Naga Hunter began the quest for the Orb.
     0 | D:1      | Reached XP level 1. HP: 19/19 MP: 1/1
     0 | D:1      | 0 ||| qw: Version: 0.3-a-9-g12657ce
     0 | D:1      | 0 ||| qw: Game counter: 1270
     0 | D:1      | 0 ||| qw: Always use a shield: true
     0 | D:1      | 0 ||| qw: God list: Okawaru
     0 | D:1      | 0 ||| qw: Allow faded altars: false
     0 | D:1      | 0 ||| qw: Do Orc after D:15 true
     0 | D:1      | 0 ||| qw: Do second Lair branch before Depths: true
     0 | D:1      | 0 ||| qw: Lair rune preference: random
     0 | D:1      | 0 ||| qw: Plans: Normal
     0 | D:1      | 0 ||| PLANNING D:1-11
   103 | D:1      | 103 ||| INVOKING Spit Poison.
   157 | D:1      | 157 ||| INVOKING Spit Poison.
   162 | D:1      | 162 ||| INVOKING Spit Poison.
   199 | D:1      | Reached skill level 4 in Ranged Weapons
   199 | D:1      | Reached XP level 2. HP: 26/26 MP: 2/2
   229 | D:1      | 229 ||| INVOKING Spit Poison.
   237 | D:1      | 237 ||| INVOKING Spit Poison.
   286 | D:1      | Found Daniss's General Store.
   291 | D:1      | 291 ||| SHOPLISTING +0 ring mail "Oshah" {rN++ Int+3} (305
                  | gold, have 53).
   291 | D:1      | 291 ||| BUYING scroll of teleportation (33 gold).
   291 | D:1      | Bought a scroll of teleportation for 33 gold pieces
   291 | D:1      | 291 ||| SHOPLISTING scroll of teleportation (33 gold, have
                  | 20).
   323 | D:1      | 323 ||| INVOKING Spit Poison.
   386 | D:1      | 386 ||| INVOKING Spit Poison.
   413 | D:1      | 413 ||| FLEEEEING.
   414 | D:1      | 414 ||| FLEEEEING.
   415 | D:1      | 415 ||| FLEEEEING.
   431 | D:1      | 431 ||| INVOKING Spit Poison.
   728 | D:1      | 728 ||| UPGRADING to +2 helmet.
   733 | D:1      | 733 ||| UPGRADING to +4 ring of protection.
   734 | D:1      | 734 ||| READING scroll labelled JAHOMOGOSSA.
   735 | D:1      | 735 ||| READING scroll labelled MUXYWIOCUCS.
   736 | D:1      | 736 ||| DRINKING 2 glowing pink potions.
   737 | D:1      | 737 ||| DRINKING 2 inky potions.
   738 | D:1      | 738 ||| DROPPING scroll of butterflies.
   739 | D:1      | 739 ||| DROPPING potion of degeneration.
   852 | D:2      | 852 ||| INVOKING Spit Poison.
   896 | D:2      | 896 ||| Stepping ~*~*~tactically~*~*~ (outnumbered).
   898 | D:2      | 898 ||| Stepping ~*~*~tactically~*~*~ (outnumbered).
   899 | D:2      | 899 ||| INVOKING Spit Poison.
   900 | D:2      | 900 ||| Stepping ~*~*~tactically~*~*~ (outnumbered).
   902 | D:2      | 902 ||| Stepping ~*~*~tactically~*~*~ (outnumbered).
   904 | D:2      | 904 ||| Stepping ~*~*~tactically~*~*~ (outnumbered).
   905 | D:2      | 905 ||| INVOKING Spit Poison.
   907 | D:2      | Reached XP level 3. HP: 32/32 MP: 3/3
   911 | D:2      | 911 ||| INVOKING Spit Poison.
   947 | D:2      | 947 ||| INVOKING Spit Poison.
  1036 | D:2      | 1036 ||| INVOKING Spit Poison.
  1044 | D:2      | 1044 ||| INVOKING Spit Poison.
  1085 | D:2      | 1085 ||| INVOKING Spit Poison.
  1122 | D:2      | 1122 ||| INVOKING Spit Poison.
  1127 | D:2      | 1127 ||| INVOKING Spit Poison.
  1131 | D:2      | 1131 ||| INVOKING Spit Poison.
  1135 | D:2      | 1135 ||| INVOKING Spit Poison.
  1136 | D:2      | Reached skill level 5 in Ranged Weapons
  1136 | D:2      | Reached XP level 4. HP: 33/39 MP: 4/4
  1215 | D:2      | 1215 ||| INVOKING Spit Poison.
  1233 | D:2      | 1233 ||| INVOKING Spit Poison.
  1263 | D:2      | 1263 ||| INVOKING Spit Poison.
  1309 | D:2      | 1309 ||| INVOKING Spit Poison.
  1501 | D:3      | 1501 ||| INVOKING Spit Poison.
  1506 | D:3      | 1506 ||| INVOKING Spit Poison.
  1511 | D:3      | 1511 ||| INVOKING Spit Poison.
  1517 | D:3      | 1517 ||| INVOKING Spit Poison.
  1583 | D:3      | 1583 ||| INVOKING Spit Poison.
  1586 | D:3      | 1586 ||| INVOKING Spit Poison.
  1642 | D:3      | 1642 ||| INVOKING Spit Poison.
  1647 | D:3      | 1647 ||| INVOKING Spit Poison.
  1688 | D:3      | 1688 ||| INVOKING Spit Poison.
  1698 | D:3      | 1698 ||| INVOKING Spit Poison.
  1762 | D:3      | 1762 ||| INVOKING Spit Poison.
  1767 | D:3      | Found a transporter.
  1767 | D:3      | Noticed qw's ghost (amateur NaHu)
  1768 | D:3      | Identified the +4 great mace of Foul Odours {pain, rC+
                  | rCorr Int+2}
  1768 | D:3      | Noticed an ogre
  1768 | D:3      | Noticed an ogre
  1827 | D:3      | 1827 ||| INVOKING Spit Poison.
  1829 | D:3      | Reached skill level 3 in Fighting
  1829 | D:3      | Reached XP level 5. HP: 49/49 MP: 5/5
  1839 | D:3      | 1839 ||| INVOKING Spit Poison.
  1842 | D:3      | 1842 ||| INVOKING Spit Poison.
  1846 | D:3      | 1846 ||| INVOKING Spit Poison.
  1850 | D:3      | 1850 ||| INVOKING Spit Poison.
  1876 | D:3      | 1876 ||| INVOKING Spit Poison.
  1879 | D:3      | 1879 ||| INVOKING Spit Poison.
  1882 | D:3      | 1882 ||| INVOKING Spit Poison.
  1972 | D:3      | 1972 ||| INVOKING Spit Poison.
  1993 | D:3      | 1993 ||| INVOKING Spit Poison.
  1995 | D:3      | Noticed Robin
  1998 | D:3      | 1998 ||| INVOKING Spit Poison.
  1999 | D:3      | 1999 ||| Stepping ~*~*~tactically~*~*~ (outnumbered).
  2004 | D:3      | 2004 ||| INVOKING Spit Poison.
  2009 | D:3      | 2009 ||| INVOKING Spit Poison.
  2013 | D:3      | Killed Robin
  2014 | D:3      | 2014 ||| INVOKING Spit Poison.
  2061 | D:3      | 2061 ||| INVOKING Spit Poison.
  2140 | D:3      | Noticed Natasha
  2142 | D:3      | 2142 ||| INVOKING Spit Poison.
  2145 | D:3      | Killed Natasha
  2171 | D:3      | 2171 ||| INVOKING Spit Poison.
  2178 | D:3      | 2178 ||| UPGRADING to +5 ring of evasion.
  2179 | D:3      | 2179 ||| READING 2 scrolls of identify.
  2179 | D:3      | 2179 ||| IDENTIFYING white potion
  2203 | D:3      | Noticed Natasha
  2206 | D:3      | 2206 ||| INVOKING Spit Poison.
  2211 | D:3      | 2211 ||| INVOKING Spit Poison.
  2211 | D:3      | Killed Natasha
  2228 | D:4      | 2228 ||| INVOKING Spit Poison.
  2250 | D:4      | 2250 ||| INVOKING Spit Poison.
  2257 | D:4      | 2257 ||| INVOKING Spit Poison.
  2258 | D:4      | Reached skill level 6 in Ranged Weapons
  2258 | D:4      | Reached XP level 6. HP: 37/56 MP: 6/6
  2346 | D:4      | 2346 ||| INVOKING Spit Poison.
  2367 | D:4      | 2367 ||| INVOKING Spit Poison.
  2371 | D:4      | 2371 ||| INVOKING Spit Poison.
  2374 | D:4      | 2374 ||| INVOKING Spit Poison.
  2394 | D:4      | 2394 ||| INVOKING Spit Poison.
  2398 | D:4      | 2398 ||| INVOKING Spit Poison.
  2403 | D:4      | 2403 ||| INVOKING Spit Poison.
  2468 | D:4      | 2468 ||| INVOKING Spit Poison.
  2515 | D:4      | Found a sparkling altar of Nemelex Xobeh.
  2531 | D:4      | 2531 ||| INVOKING Spit Poison.
  2536 | D:4      | 2536 ||| INVOKING Spit Poison.
  2538 | D:4      | Reached XP level 7. HP: 56/64 MP: 7/7
  2575 | D:4      | 2575 ||| INVOKING Spit Poison.
  2580 | D:4      | 2580 ||| INVOKING Spit Poison.
  2583 | D:4      | 2583 ||| INVOKING Spit Poison.
  2603 | D:4      | 2603 ||| INVOKING Spit Poison.
  2610 | D:4      | 2610 ||| INVOKING Spit Poison.
  2613 | D:4      | 2613 ||| INVOKING Spit Poison.
  2615 | D:4      | Reached skill level 7 in Ranged Weapons
  2645 | D:4      | 2645 ||| INVOKING Spit Poison.
  2666 | D:4      | 2666 ||| INVOKING Spit Poison.
  2669 | D:4      | 2669 ||| Stepping ~*~*~tactically~*~*~ (outnumbered).
  2671 | D:4      | 2671 ||| INVOKING Spit Poison.
  2695 | D:4      | 2695 ||| INVOKING Spit Poison.
  2698 | D:4      | 2698 ||| INVOKING Spit Poison.
  2717 | D:4      | 2717 ||| INVOKING Spit Poison.
  2790 | D:4      | 2790 ||| INVOKING Spit Poison.
  2868 | D:4      | Noticed Ijyb
  2869 | D:4      | 2869 ||| INVOKING Spit Poison.
  2872 | D:4      | 2872 ||| INVOKING Spit Poison.
  2877 | D:4      | 2877 ||| INVOKING Spit Poison.
  2879 | D:4      | Killed Ijyb
  2882 | D:4      | 2882 ||| INVOKING Spit Poison.
  2886 | D:4      | 2886 ||| INVOKING Spit Poison.
  2927 | D:4      | 2927 ||| INVOKING Spit Poison.
  3067 | D:4      | Found a burning altar of Makhleb.
  3068 | D:4      | 3068 ||| INVOKING Spit Poison.
  3113 | D:4      | Found a shadowy altar of Dithmenos.
  3194 | D:4      | 3194 ||| INVOKING Spit Poison.
  3206 | D:4      | Identified the +3 ring mail of Fallacy {+Blink rElec}
  3222 | D:4      | 3222 ||| INVOKING Spit Poison.
  3253 | D:4      | 3253 ||| INVOKING Spit Poison.
  3256 | D:4      | 3256 ||| INVOKING Spit Poison.
  3262 | D:4      | 3262 ||| INVOKING Spit Poison.
  3370 | D:4      | 3370 ||| UPGRADING to +3 ring mail of Fallacy {+Blink
                  | rElec}.
  3380 | D:4      | 3380 ||| DROPPING +0 leather armour.
  3381 | D:4      | 3381 ||| READING 4 scrolls labelled UTYOLENAHU.
  3382 | D:4      | 3382 ||| READING scroll labelled RIMOSH ZIHERPH.
  3383 | D:4      | 3383 ||| READING scroll labelled WEXTUAH QUSM.
  3384 | D:4      | 3384 ||| READING scroll labelled CAOCYRERIR.
  3385 | D:4      | 3385 ||| DRINKING 2 emerald potions.
  3385 | D:4      | Gained mutation: You are clumsy. (Dex -2) [potion of
                  | mutation]
  3385 | D:4      | Gained mutation: Your spells are a little easier to cast,
                  | but a little less powerful. [potion of mutation]
  3385 | D:4      | Gained mutation: You are robust. (+10% HP) [potion of
                  | mutation]
  3385 | D:4      | Gained mutation: Your mind is acute. (Int +4, Str/Dex -1)
                  | [potion of mutation]
  3404 | D:4      | 3404 ||| DROPPING 3 scrolls of poison.
  3413 | D:5      | Entered Level 5 of the Dungeon
  3414 | D:5      | 3414 ||| STAIRDANCE
  3418 | D:5      | 3418 ||| STAIRDANCE
  3422 | D:5      | 3422 ||| STAIRDANCE
  3426 | D:5      | 3426 ||| STAIRDANCE
  3430 | D:5      | 3430 ||| STAIRDANCE
  3434 | D:5      | 3434 ||| STAIRDANCE
  3438 | D:5      | 3438 ||| STAIRDANCE
  3442 | D:5      | 3442 ||| STAIRDANCE
  3446 | D:5      | 3446 ||| STAIRDANCE
  3450 | D:5      | 3450 ||| STAIRDANCE
  3454 | D:5      | 3454 ||| STAIRDANCE
  3458 | D:5      | 3458 ||| STAIRDANCE
  3462 | D:5      | 3462 ||| STAIRDANCE
  3466 | D:5      | 3466 ||| STAIRDANCE
  3470 | D:5      | 3470 ||| STAIRDANCE
  3472 | D:4      | 3472 ||| INVOKING Spit Poison.
  3475 | D:5      | 3475 ||| STAIRDANCE
  3479 | D:5      | 3479 ||| STAIRDANCE
  3483 | D:5      | 3483 ||| STAIRDANCE
  3487 | D:5      | 3487 ||| STAIRDANCE
  3491 | D:5      | 3491 ||| STAIRDANCE
  3548 | D:5      | Reached XP level 8. HP: 79/79 MP: 8/8
  3561 | D:5      | Noticed Menkaure
  3574 | D:5      | Killed Menkaure
  3701 | D:5      | 3701 ||| INVOKING Spit Poison.
  3768 | D:5      | 3768 ||| INVOKING Spit Poison.
  3773 | D:5      | Reached skill level 8 in Ranged Weapons
  3773 | D:5      | 3773 ||| INVOKING Spit Poison.
  3866 | D:5      | 3866 ||| INVOKING Spit Poison.
  3871 | D:5      | 3871 ||| INVOKING Spit Poison.
  3875 | D:5      | 3875 ||| INVOKING Spit Poison.
  3951 | D:5      | 3951 ||| INVOKING Spit Poison.
  3955 | D:5      | 3955 ||| INVOKING Spit Poison.
  4029 | D:5      | Noticed Pikel
  4030 | D:5      | 4030 ||| INVOKING Spit Poison.
  4036 | D:5      | 4036 ||| INVOKING Spit Poison.
  4039 | D:5      | 4039 ||| INVOKING Spit Poison.
  4042 | D:5      | 4042 ||| INVOKING Spit Poison.
  4045 | D:5      | 4045 ||| INVOKING Spit Poison.
  4051 | D:5      | 4051 ||| INVOKING Spit Poison.
  4053 | D:5      | HP: 20/81 [lemure[Pikel] (2)]
  4054 | D:5      | 4054 ||| READING 4 scrolls of teleportation.
  4056 | D:5      | HP: 7/81 [Pikel/+1 whip of flaming (8)]
  4056 | D:5      | HP: 3/81 [Pikel/+1 whip of flaming (4)]
  4056 | D:5      | Slain by a lemure

Levels and vault maps discovered:
D:1:      dpeg_arrival_rhombi, layout_basic, serial_shops,
          nicolae_shop_hallway_plus, st_stairs_9, minmay_misc_feat_ornament
D:2:      layout_loops_ring, eino_tiny_chamber, minmay_misc_feat_columns,
          grunt_decor_cap, wander_ebering_terrifying_dragon_lair
D:3:      layout_basic, gammafunk_ghost_smash, uniq_robin, uniq_natasha
D:4:      kennysheep_the_goblin_king, layout_loops_corners,
          makhleb_heckhound_becter, nicolae_overflow_hidden_temple,
          kennysheep_little_box, chequers_serial_rivers_micro_c,
          minmay_fractal_squares_diagonal_5
D:5:      black_bear_nest_1, layout_cave_pods, uniq_eustachio, uniq_pikel,
          uniq_menkaure, uniq_grinder

Skill      XL: |  1  2  3  4  5  6  7  8 |
---------------+-------------------------+-----
Ranged Weapons | 4 5 6 7 8 |  8.0
Fighting       | 3 4 5 |  5.0
Dodging        | 2 |  2.1
Armour         | 2 |  2.1
Stealth        | |  1.5

Action                     |  1- 3 |  4- 6 |  7- 9 || total
---------------------------+-------+-------+-------++-------
   Fire: Shortbow          |    56 |   127 |   174 ||   357
Ability: Spit Poison       |    20 |    47 |    40 ||   107
    Use: Scroll            |     2 |     1 |     5 ||     8
         Potion            |     2 |       |     1 ||     3
 Armour: Leather armour    |    15 |    56 |    33 ||   104
         Ring mail         |       |       |    54 ||    54
  Dodge: Dodged            |    22 |    64 |   121 ||   207

Table legend:
 A = Non-vault XP
 B = Vault XP
 C = Vault XP percentage of total XP
 D = Non-vault monster count
 E = Vault monster count
 F = Vault count percentage of total count
                 A         B        C        D         E       F
            +---------+---------+-------+---------+---------+-------
      Total |    1149 |     505 |  30.5 |      91 |      31 |  25.4
            +---------+---------+-------+---------+---------+-------
        D:1 |      28 |       4 |  12.5 |      15 |       2 |  11.8
        D:2 |      79 |       1 |   1.2 |      18 |       1 |   5.3
        D:3 |     104 |      66 |  38.8 |      24 |       9 |  27.3
        D:4 |     634 |     269 |  29.8 |      26 |      18 |  40.9
        D:5 |     304 |     165 |  35.2 |       8 |       1 |  11.1
            +---------+---------+-------+---------+---------+-------
